 Dungeon Crawl Stone Soup version 0.21.0 (webtiles) character file.

144 Ghouzt the Ruffian (level 5, -7/39 (42) HPs)
             Began as a Ghoul Gladiator on Jan 7, 2018.
             Mangled by Sigmund
             ... wielding a +3 scythe of flaming
              (8 damage)
             ... on level 3 of the Dungeon.
             The game lasted 00:19:25 (2549 turns).

Ghouzt the Ruffian (Ghoul Gladiator)                Turns: 2549, Time: 00:19:26

HP:   -7/39 (42)    AC: 10    Str: 19    XL:     5   Next: 27%
MP:   4/4           EV:  8    Int:  3    God:
Gold: 115           SH:  0    Dex: 10    Spells: 4/4 levels left

rFire    . . .     SeeInvis .     - Unarmed
rCold    + . .     Gourm    .   (no shield)
rNeg     + + +     Faith    .   D - +1 chain mail
rPois    ∞         Spirit   .   b - +0 helmet
rElec    .         Reflect  .   (no cloak)
rCorr    .         Harm     .   (no gloves)
MR       .....                  (no boots)
Stlth    ..........             l - amulet of regeneration
HPRegen  0.00/turn              (no ring)
MPRegen  0.09/turn              (no ring)

@: very slightly contaminated, rotting, invisible
A: rotting body, claws 1, carnivore, cold resistance 1, negative energy
resistance 3, inhibited regeneration, torment resistance, unbreathing
a: no special abilities


You were on level 3 of the Dungeon.
You were not hungry.

You visited 1 branch of the dungeon, and saw 3 of its levels.

You collected 115 gold pieces.

Inventory:

Hand Weapons
 h - a +0 spear
 o - a +0 dagger
 x - a +0 dagger
 y - a +0 spear
 A - a +0 flail
 B - a cursed -3 whip
 K - a +0 dagger
 L - a +0 hand axe
Missiles
 c - 3 throwing nets
 i - 85 stones (quivered)
 v - 46 arrows
Armour
 a - a +0 leather armour
 b - a +0 helmet (worn)
 e - a +0 leather armour
 D - a +1 chain mail (worn)
 G - a +0 ring mail
 I - a +0 ring mail
Jewellery
 l - an amulet of regeneration (around neck)
Scrolls
 f - a scroll of immolation {unknown}
 j - 2 scrolls of identify
 r - a scroll of enchant armour
Potions
 n - a potion of might {unknown}
 J - a potion of heal wounds {unknown}
Comestibles
 d - 5 rations


   Skills:
 + Level 2.5 Fighting
 + Level 2.1 Throwing
 + Level 1.7 Armour
 + Level 3.3 Dodging
 + Level 1.2 Stealth
 + Level 4.7 Unarmed Combat


You had 4 spell levels left.
You didn't know any spells.

Dungeon Overview and Level Annotations

Branches:
Dungeon (3/15)

Altars:
Nemelex Xobeh

Annotations:
D:3 Sigmund


Innate Abilities, Weirdness & Mutations

Your body is rotting away.
You thrive on raw meat.
You are immune to poison.
You have sharp fingernails.
You are carnivorous and can eat meat at any time.
Your flesh is cold resistant. (rC+)
You are immune to negative energy. (rN+++)
You do not regenerate when monsters are visible.
You are immune to unholy pain and torment.
You can survive without breathing.


Message History

You closely miss something.
You hear some strange, mumbled words.
A magic dart appears from out of thin air!
The magic dart hits you!
You completely miss something. Something hits you. Something burns you.
You closely miss something.
You eat one of the 6 rations.
That ration really hit the spot!
Something hits you. Something burns you.
You claw something! Something hits you. Something burns you.
* * * LOW HITPOINT WARNING * * *
There isn't anything here!
It was a potion of invisibility.
You fade into invisibility!
You are very lightly contaminated with residual magic.
You barely miss something. Something hits you.
* * * LOW HITPOINT WARNING * * *
Something burns you.
* * * LOW HITPOINT WARNING * * *
You scratch something but do no damage. Something hits you!
You die...

###.#####.#
#.........#
#.#.#####.. #.#.#
#.###### #.#.#
#.##.#.# # #
#.#.#####.#.#8.#.#.#.
#.#>.................
#.#..######..........
#.#.......@{>8.#.#.#.
#.##.#########.# #
#.##.# ## #.##.#
#.##.# #.##.# #....#
#.#.## #
#.#.############.#


There were no monsters in sight!

Vanquished Creatures
  4 gnolls (D:2)
  3 adders
  2 oozes
  4 worms (D:2)
  2 dart slugs (D:1)
  5 leopard geckos
  2 ball pythons (D:1)
  2 giant cockroaches (D:1)
  5 goblins
  5 hobgoblins
  9 kobolds
  2 quokkas (D:2)
  3 bats
  3 frilled lizards (D:2)
  3 rats
54 creatures vanquished.

Notes
Turn   | Place    | Note
-------+----------+-------------------------------------------
     0 | D:1      | Ghouzt the Ghoul Gladiator began the quest for the Orb.
     0 | D:1      | Reached XP level 1. HP: 17/17 MP: 0/0
   299 | D:1      | Reached XP level 2. HP: 22/22 MP: 1/1
   556 | D:1      | Reached XP level 3. HP: 9/28 MP: 2/2
  1341 | D:2      | Reached skill level 4 in Unarmed Combat
  1389 | D:2      | Reached XP level 4. HP: 18/36 MP: 3/3
  1404 | D:2      | Reached skill level 1 in Armour
  1470 | D:2      | Reached skill level 1 in Stealth
  1641 | D:2      | Found a sparkling altar of Nemelex Xobeh.
  1895 | D:2      | Reached XP level 5. HP: 39/42 MP: 4/4
  2515 | D:3      | Noticed Sigmund
  2548 | D:3      | HP: 1/39 [something (3)]
  2549 | D:3      | Mangled by Sigmund

Skill      XL: |  1  2  3  4 |
---------------+-------------+-----
Dodging        | 3 |  3.3
Throwing       | 2 |  2.1
Unarmed Combat | 4 |  4.7
Armour         | 1 |  1.7
Stealth        | 1 |  1.2
Fighting       | |  2.5

Action                   |  1- 3 |  4- 6 || total
-------------------------+-------+-------++-------
Melee: Unarmed           |    99 |   115 ||   214
       Punch             |     1 |     2 ||     3
Throw: Stone             |     5 |       ||     5
  Use: Scroll            |       |     5 ||     5
       Potion            |       |     1 ||     1
 Stab: Sleeping          |     1 |       ||     1
  Eat: Chunk             |     3 |     3 ||     6
       Ration            |     1 |     1 ||     2
Armor: Leather armour    |    18 |     7 ||    25
       Chain mail        |       |    38 ||    38
Dodge: Dodged            |    73 |    34 ||   107
